 Dungeon Crawl Stone Soup version 0.30.0-5-g1a98f26d00 (webtiles) character file.

Game seed: 9347731024296130086

2875 McKennaii the Destroyer (level 9, -4/62 HPs)
             Began as a Demigod Conjurer on May 10, 2023.
             Shot with an arrow by a centaur warrior (30 damage)
             ... on level 7 of the Dungeon.
             The game lasted 00:10:38 (7108 turns).

McKennaii the Destroyer (Demigod Conjurer)          Turns: 7108, Time: 00:10:38

Health: -4/62      AC:  6    Str:  8    XL:     9   Next: 24%
Magic:  5/24       EV: 14    Int: 32    God:
Gold:   227        SH:  0    Dex: 12    Spells: 16/23 levels left

rFire   . . .        (no weapon)
rCold   . . .        (no shield)
rNeg    . . .        C - +2 robe {Will+}
rPois   .            (no helmet)
rElec   .            m - +0 cloak
rCorr   .            a - +0 pair of gloves
SInv    .            (no boots)
Will    +....        y - amulet of magic regeneration
Stlth   ++           q - ring of wizardry
HPRegen 0.30/turn    z - +4 ring of slaying
MPRegen 0.59/turn

%: wizardry (x1)
@: studying Dodging
A: high MP 1, forlorn, divine attributes
a: no special abilities


You were on level 7 of the Dungeon.
You visited 1 branch of the dungeon, and saw 7 of its levels.
You also visited: Sewer.

You collected 322 gold pieces.
You spent 95 gold pieces at shops.

Inventory:

Armour
 a - a +0 pair of gloves (worn)
 m - a +0 cloak (worn)
 C - a +2 robe of willpower (worn)
Jewellery
 k - a ring of fire
 q - a ring of wizardry (left hand)
 y - an amulet of magic regeneration (around neck)
 z - a +4 ring of slaying (right hand)
Wands
 t - a wand of paralysis (8)
 w - a wand of digging (8)
 E - a wand of quicksilver (12)
 F - a wand of mindburst (5)
Scrolls
 d - a scroll of vulnerability
 e - 2 scrolls of enchant weapon
 f - 2 scrolls of butterflies
 h - 3 scrolls of blinking
 i - a scroll of immolation
 o - a scroll of fog
 p - a scroll of fear
 r - 5 scrolls of teleportation
 s - 3 scrolls of enchant armour {unknown}
 u - a scroll of amnesia {unknown}
 B - a scroll of noise
 H - a scroll of poison {unknown}
Potions
 b - a potion of magic
 c - 2 potions of cancellation
 g - 2 potions of might {unknown}
 j - a potion of berserk rage {unknown}
 l - 3 potions of heal wounds {unknown}
 n - a potion of ambrosia {unknown}
 v - 2 potions of brilliance {unknown}
 x - 2 potions of attraction {unknown}
 A - 3 potions of curing {unknown}
 D - 2 potions of lignification {unknown}
 G - 2 potions of invisibility {unknown}


   Skills:
 - Level 6.0 Dodging
 - Level 1.7 Stealth
 + Level 7.6 Spellcasting
 + Level 8.9 Conjurations


You had 16 spell levels left.
You knew the following spells:

 Your Spells              Type           Power      Damage    Failure   Level
a - Magic Dart            Conj           100%       1d8       1%          1
b - Searing Ray           Conj           100%       2d8       1%          2
c - Iskenderun's Mystic   Conj/Tloc      40%        2d9       2%          4

Your spell library contained the following spells:

 Spells                   Type           Power      Damage    Failure   Level
 Beastly Appendage        Tmut           24%        N/A       1%          1
 Dazzling Flash           Conj/Hex       80%        N/A       1%          3
 Mephitic Cloud           Conj/Pois/Air  31%        N/A       1%          3
 Call Imp                 Summ           24%        N/A       2%          2
 Wereblood                Tmut           12%        N/A       2%          2
 Fulminant Prism          Conj/Hex       20%        3d12      2%          4
 Sticky Flame             Conj/Fire      40%        2d6       2%          4
 Ignite Poison            Fire/Tmut/Pois 12%        N/A       4%          3
 Ozocubu's Armour         Ice            12%        N/A       4%          3
 Spider Form              Tmut/Pois      12%        N/A       4%          3
 Ozocubu's Refrigeration  Ice            6%         4d8       100%        7
 Ignition                 Fire           6%         3d4       100%        8


Dungeon Overview and Level Annotations

Branches:
Dungeon (7/15)             Temple (0/1) D:4           Sewer (visited)

Shops:
D:1 :   D:4 *?   D:5 ![(=[


Innate Abilities, Weirdness & Mutations

You have an increased reservoir of magic. (+10% MP)
You shall have no god before yourself.
Your divine heritage dramatically boosts your attributes as you level up.


Message History

The ufetubus shouts!
The centaur warrior shoots an arrow.
The arrow hits you!
Unknown command.
Casting: Magic Dart (safe; 1% risk of failure)
Confirm with . or Enter, or press ? or * to list all spells.
Aiming: Searing Ray (safe; 1% risk of failure)
Press: ? - help, Shift-Dir - straight line, f/p - centaur warrior
Aim: a centaur warrior, wielding a +0 longbow (lightly wounded, 87% to hit)
Okay, then.
The centaur warrior shoots an arrow.
The arrow barely misses you.
You see here a +0 shortbow.
Unknown command.
Casting: Searing Ray (safe; 1% risk of failure)
Confirm with . or Enter, or press ? or * to list all spells.
You erupt in a blast of force!
The mystic blast hits the centaur warrior!
The centaur warrior is moderately wounded.
The centaur warrior is knocked back by the mystic blast.
The centaur warrior collides with the white imp!
The white imp is heavily wounded.
The centaur warrior is moderately wounded.
The mystic blast hits the ufetubus!
You kill the ufetubus!
You hear an angry hiss.
You hear a croak.
The centaur warrior shoots an arrow.
The arrow hits you!
An ice beast comes into view.
The white imp grins evilly.
Unknown command.
Casting: Iskenderun's Mystic Blast (dangerous; 2% risk of failure)
Confirm with . or Enter, or press ? or * to list all spells.
You erupt in a blast of force!
The mystic blast hits the centaur warrior!
The centaur warrior is heavily wounded.
The centaur warrior is knocked back by the mystic blast.
The centaur warrior collides with the white imp!
The white imp is almost dead.
The centaur warrior is heavily wounded.
You hear a loud, deep croak!
The centaur warrior shoots an arrow.
The arrow hits you!!
You die...

#...### ##.#### .....##
##>...# ......# ##.....#
.......# #......##
........# #.).....#
........# #.......#
.........# ##......#
..........#####.....#..#
...............)@........
....... ######...#######.
..... ♣Y...c ....
..##+##5 .... ♣.♣. .♣
.... . ♣ ♣ .... .... ....


You could see a centaur warrior, an ice beast and a white imp.

Vanquished Creatures
  Grinder (D:4)
  Sigmund (D:4)
  A steam dragon (D:7)
  A water moccasin (D:6)
  An orc warrior (D:6)
  An ice beast (D:7)
  3 ogres (D:5)
  A black bear (D:5)
  A centaur (D:7)
  2 phantoms
  2 bullfrogs (Sewer)
  6 scorpions
  A wight (D:7)
  Crazy Yiuf (D:3)
  4 jellies
  2 orc priests
  4 hounds
  Jessica (D:3)
  6 iguanas
  2 orc wizards (D:5)
  2 sleepcaps
  Natasha (thrice) (D:3)
  6 river rats (Sewer)
  8 adders
  A white imp (D:7)
  3 ufetubi
  2 worms
  2 dart slugs
  14 orcs
  8 endoplasms
  4 giant cockroaches (D:6)
  6 goblins
  7 hobgoblins
  6 jackals
  6 kobolds
  7 quokkas
  18 ball pythons
  3 bats
  9 frilled lizards
  22 rats
  A spectral orc (D:3)
180 creatures vanquished.

Notes
Turn   | Place    | Note
-------+----------+-------------------------------------------
     0 | D:1      | McKennaii the Demigod Conjurer began the quest for the Orb.
     0 | D:1      | Reached XP level 1. HP: 14/14 MP: 5/5
    14 | D:1      | Found Zask's Book Boutique.
   241 | D:1      | Reached XP level 2. HP: 11/20 MP: 0/7
   834 | D:1      | Reached skill level 4 in Conjurations
  1108 | D:2      | Learned a level 2 spell: Searing Ray
  1308 | D:2      | Reached XP level 3. HP: 26/26 MP: 1/9
  1415 | D:2      | Identified the +7 hand axe of Dim Light {drain, Will-
                  | Str+4}
  1758 | D:2      | You fall into a shaft and drop 2 floors!
  1989 | D:4      | Reached XP level 4. HP: 23/33 MP: 5/11
  2181 | D:4      | Found a staircase to the Ecumenical Temple.
  2194 | D:4      | Noticed Sigmund
  2522 | D:3      | Noticed Natasha
  2527 | D:3      | Killed Natasha
  2678 | D:3      | Noticed Jessica
  2681 | D:3      | Killed Jessica
  2682 | D:3      | Reached XP level 5. HP: 38/38 MP: 7/13
  2751 | D:3      | Learned a level 4 spell: Iskenderun's Mystic Blast
  2852 | D:3      | Reached skill level 5 in Conjurations
  3017 | D:3      | Noticed Natasha
  3024 | D:3      | Killed Natasha
  3278 | D:3      | Found a runed translucent door.
  3279 | D:3      | Noticed Crazy Yiuf
  3493 | D:3      | Noticed Natasha
  3498 | D:3      | Killed Natasha
  3587 | D:3      | Killed Crazy Yiuf
  4002 | D:5      | Entered Level 5 of the Dungeon
  4034 | D:4      | Noticed Grinder
  4037 | D:4      | Paralysed by Grinder for 3 turns
  4043 | D:4      | Killed Grinder
  4044 | D:4      | Reached skill level 6 in Conjurations
  4044 | D:4      | Reached XP level 6. HP: 45/45 MP: 11/16
  4267 | D:4      | Found Ifaur's Magic Scroll Emporium.
  4283 | D:4      | Bought a scroll of teleportation for 42 gold pieces
  4283 | D:4      | Bought a scroll of teleportation for 42 gold pieces
  4305 | D:4      | Found Gacvewor's Elemental Accessories.
  4509 | D:4      | Killed Sigmund
  4510 | D:4      | Reached skill level 5 in Spellcasting
  4510 | D:4      | Reached XP level 7. HP: 41/50 MP: 10/18
  4977 | D:5      | Found Adanka's Antique Weapon Shoppe.
  4978 | D:5      | Found Lyene's Jewellery Emporium.
  4980 | D:5      | Found Xoessokhla's Distillery.
  4981 | D:5      | Found Nestaug's Antique Armour Shop.
  4981 | D:5      | Found Maurou's Armour Shoppe.
  4985 | D:5      | Bought a potion of degeneration for 11 gold pieces
  5171 | D:5      | Reached skill level 7 in Conjurations
  5385 | D:5      | Reached XP level 8. HP: 57/57 MP: 18/20
  5867 | D:6      | Reached skill level 8 in Conjurations
  6183 | D:6      | Found a glowing drain.
  6194 | Sewer    | Entered a sewer
  6476 | Sewer    | Reached skill level 5 in Dodging
  6477 | Sewer    | Reached XP level 9. HP: 55/62 MP: 13/23
  7102 | D:7      | Noticed a centaur warrior
  7108 | D:7      | Shot with an arrow by a centaur warrior

Illustrated notes

Levels and vault maps discovered:
D:1:      shiori_arrival_maze, layout_loops_ring, serial_shops,
          nicolae_diamond_shop
D:2:      layout_basic, basic_altar, ebering_ecumenical_altar_box
D:3:      layout_loops_corners, yredelemnul_forgotten_temple_becter,
          uniq_natasha, uniq_jessica, uniq_crazy_yiuf_cottage
D:4:      layout_loops_corners, mainiacjoe_overflow_brackets, temple_statues,
          serial_shops, shop, nicolae_elemental_shop, uniq_grinder, uniq_sigmund
D:5:      layout_basic, dreamdust_princess_corridor, grunt_ministairs_1,
          nicolae_wooded_promenade
D:6:      layout_cave_pools, okawaru_metal_pillars_1_2, serial_park,
          serial_park_square2, serial_park_tiny_1, serial_park_square1
          [serial_park_minivault_5x5_8], serial_park_square3
          [serial_park_minivault_5x5_2], gup_sewer_entry_bubbles
D:7:      nzn_winding_woodlands_small [nzn_winding_woodlands_5x15_cabin,
          nzn_winding_woodlands_center_garden,
          nzn_winding_woodlands_5x15_concentric], layout_cave_pods,
          roderic_batcave

Skill      XL: |  1  2  3  4  5  6  7  8  9 |
---------------+----------------------------+-----
Spellcasting   | 2 3 4 5 6 7 |  7.6
Conjurations   | 4 6 7 8 |  8.9
Dodging        | 5 6 |  6.0
Stealth        | |  1.7

Action                     |  1- 3 |  4- 6 |  7- 9 || total
---------------------------+-------+-------+-------++-------
  Melee: Unarmed           |     9 |       |     7 ||    16
         Punch             |       |       |     2 ||     2
   Cast: Magic Dart        |    96 |   101 |   192 ||   389
         Searing Ray       |       |     6 |    34 ||    40
         Iskenderun's Myst |       |       |     7 ||     7
    Use: Scroll            |       |       |     9 ||     9
 Armour: Robe              |     8 |     3 |    18 ||    29
  Dodge: Dodged            |    35 |    16 |    61 ||   112
